SAAA
PAWNEE PARKSNREC @ TREMONT DOUBLEDAYS
09/14/2020
 
TOP OF THE 1ST
Pawnee ParksNRec batting - Pitching for Tremont Doubledays : LHP Jim Unknown
Pitching: LHP Jim Unknown
Batting: RHB Mo Zhou 0-0: Ball
1-0: Fly out, F8 (Line Drive, 8LM)
Batting: RHB Jim Unknown 0-0: Ball
1-0: Called Strike
1-1: Ball
2-1: Swinging Strike
2-2: Strikes out looking
Batting: RHB Brett Robinson 0-0: Ball
1-0: Ball
2-0: Called Strike
2-1: Fly out, F8 (Flyball, 89D)
Top of the 1st over - 0 run(s), 0 hit(s), 0 error(s), 0 left on base; Pawnee 0 - Tremont 0
BOTTOM OF THE 1ST
Tremont Doubledays batting - Pitching for Pawnee ParksNRec : RHP Jim Unknown
Pitching: RHP Jim Unknown
Batting: RHB Kazunori Ito 0-0: Called Strike
0-1: Fly out, F7 (Flyball, 78D)
Batting: LHB Jim Unknown 0-0: Ball
1-0: Foul Ball, location: 2F
1-1: Foul Ball, location: 2F
1-2: Ground out 1-3 (Groundball, 23)
Batting: LHB Emílio Barbán 0-0: Ball
1-0: Swinging Strike
1-1: DOUBLE (Line Drive, 5D)
Batting: LHB Félix López 0-0: Ball
1-0: Ground out 6-3 (Groundball, 6M)
Bottom of the 1st over - 0 run(s), 1 hit(s), 0 error(s), 1 left on base; Pawnee 0 - Tremont 0
TOP OF THE 2ND
Pawnee ParksNRec batting - Pitching for Tremont Doubledays : LHP Jim Unknown
Batting: RHB Mark Allen 0-0: Ground out 6-3 (Groundball, 6)
Batting: RHB Jim Unknown 0-0: Ball
1-0: Foul Ball, location: 2F
1-1: Swinging Strike
1-2: Strikes out swinging
Batting: RHB Eldon McGillivour 0-0: Called Strike
0-1: Foul Ball, location: 2F
0-2: SINGLE (Line Drive, 4)
Batting: LHB Jim Unknown 0-0: Swinging Strike
Pickoff Throw to First - Error! E1
Eldon McGillivour to second
0-1: Ball
1-1: Foul Ball, location: 2F
1-2: Ball
2-2: 2-RUN HOME RUN (Line Drive, 9LD), Distance : 380 ft
Batting: LHB Jim Unknown 0-0: Ball
1-0: Ball
2-0: Called Strike
2-1: Ball
3-1: Foul Ball, location: 2F
3-2: Strikes out swinging
Top of the 2nd over - 2 run(s), 2 hit(s), 1 error(s), 0 left on base; Pawnee 2 - Tremont 0
BOTTOM OF THE 2ND
Tremont Doubledays batting - Pitching for Pawnee ParksNRec : RHP Jim Unknown
Batting: LHB Scott Britt 0-0: Swinging Strike
0-1: Ball
1-1: Ball
2-1: Fly out, F8 (Line Drive, 8RD)
Batting: RHB Jim Unknown 0-0: Called Strike
0-1: Ball
1-1: Ball
2-1: Fly out, F8 (Flyball, 8LM)
Batting: RHB Jim Unknown 0-0: Foul Ball, location: 2F
0-1: Ball
1-1: Ball
2-1: Ball
3-1: SINGLE (Groundball, 56D)
Batting: LHB Jim Unknown 0-0: Called Strike
0-1: Ball
1-1: Ball
2-1: Ball
Wild Pitch!
Jim Unknown to second
3-1: Fly out, F3 (Popup, 4S)
Bottom of the 2nd over - 0 run(s), 1 hit(s), 0 error(s), 1 left on base; Pawnee 2 - Tremont 0
TOP OF THE 3RD
Pawnee ParksNRec batting - Pitching for Tremont Doubledays : LHP Jim Unknown
Batting: LHB Jim Unknown 0-0: Called Strike
0-1: Foul Ball, location: 2F
0-2: Strikes out looking
Batting: RHB Mo Zhou 0-0: Fly out, F8 (Flyball, 8LD)
Batting: RHB Jim Unknown 0-0: Ground out 3-1 (Groundball, 3L)
Top of the 3rd over - 0 run(s), 0 hit(s), 0 error(s), 0 left on base; Pawnee 2 - Tremont 0
BOTTOM OF THE 3RD
Tremont Doubledays batting - Pitching for Pawnee ParksNRec : RHP Jim Unknown
Batting: LHB Jim Unknown 0-0: Called Strike
0-1: Ball
1-1: Reached on error, E2 (Groundball, 25)
Batting: RHB Kazunori Ito 0-0: Called Strike
0-1: Ball
1-1: Ball
Wild Pitch!
Jim Unknown to third
2-1: Ground out 1-3 (Groundball, 13S)
Batting: LHB Jim Unknown 0-0: Swinging Strike
0-1: Ball
1-1: Fly out, F8 (Flyball, 78M)
Runner from 3rd tags up, SCORES, throw made
Batting: LHB Emílio Barbán 0-0: Ball
1-0: Ball
2-0: Foul Ball, location: 2F
2-1: Foul Ball, location: 2F
2-2: SINGLE (Groundball, 34D)
Batting: LHB Félix López 0-0: Ground out U3 (Groundball, 3L)
Bottom of the 3rd over - 1 run(s), 1 hit(s), 1 error(s), 1 left on base; Pawnee 2 - Tremont 1
TOP OF THE 4TH
Pawnee ParksNRec batting - Pitching for Tremont Doubledays : LHP Jim Unknown
Batting: RHB Brett Robinson 0-0: Called Strike
0-1: Fly out, F3 (Popup, 3F)
Batting: RHB Mark Allen 0-0: Ball
1-0: Ball
2-0: Ball
3-0: Base on Balls
Batting: RHB Jim Unknown 0-0: Ball
1-0: Fly out, F9 (Flyball, 9D)
Runner from 1st tags up, SAFE at 2nd
Batting: RHB Eldon McGillivour 0-0: Ball
1-0: Called Strike
1-1: Swinging Strike
1-2: Ball
2-2: Foul Ball, location: 2F
2-2: Ball
3-2: Foul Ball, location: 2F
3-2: Foul Ball, location: 2F
3-2: Foul Ball, location: 2F
3-2: Strikes out looking
Top of the 4th over - 0 run(s), 0 hit(s), 0 error(s), 1 left on base; Pawnee 2 - Tremont 1
BOTTOM OF THE 4TH
Tremont Doubledays batting - Pitching for Pawnee ParksNRec : RHP Jim Unknown
Batting: LHB Scott Britt 0-0: Swinging Strike
0-1: Ground out 1-3 (Groundball, 13S)
Batting: RHB Jim Unknown 0-0: Ball
1-0: Ball
2-0: Called Strike
2-1: Foul Ball, location: 2F
2-2: Ball
3-2: Strikes out swinging
Batting: RHB Jim Unknown 0-0: Ball
1-0: Ground out 6-3 (Groundball, 6)
Bottom of the 4th over - 0 run(s), 0 hit(s), 0 error(s), 0 left on base; Pawnee 2 - Tremont 1
TOP OF THE 5TH
Pawnee ParksNRec batting - Pitching for Tremont Doubledays : LHP Jim Unknown
Batting: LHB Jim Unknown 0-0: Foul Ball, location: 2F
0-1: Ground out 4-3 (Groundball, 4M)
Batting: LHB Jim Unknown 0-0: Called Strike
0-1: SINGLE (Line Drive, 7LS)
Batting: LHB Jim Unknown 0-0: Ball
1-0: Called Strike
1-1: Ball
2-1: Swinging Strike
2-2: Foul Ball, location: 2F
2-2: Ball
3-2: Foul Ball, location: 2F
3-2: Foul Ball, location: 2F
3-2: Foul Ball, location: 2F
3-2: Foul Ball, location: 2F
3-2: Foul Ball, location: 2F
3-2: Foul Ball, location: 2F
3-2: Ground out 4-3 (Groundball, 4M)
Jim Unknown to second
Batting: RHB Mo Zhou 0-0: Ball
1-0: Called Strike
1-1: Ball
2-1: Foul Ball, location: 2F
2-2: Ball
3-2: Base on Balls
Batting: RHB Jim Unknown 0-0: Ball
1-0: Called Strike
1-1: Called Strike
1-2: Ball
2-2: Foul Ball, location: 2F
2-2: Ball
3-2: Base on Balls
Jim Unknown to third
Mo Zhou to second
Batting: RHB Brett Robinson 0-0: Ball
1-0: Foul Ball, location: 2F
1-1: Called Strike
1-2: Ground out U3 (Groundball, 3L)
Top of the 5th over - 0 run(s), 1 hit(s), 0 error(s), 3 left on base; Pawnee 2 - Tremont 1
BOTTOM OF THE 5TH
Tremont Doubledays batting - Pitching for Pawnee ParksNRec : RHP Jim Unknown
Batting: LHB Jim Unknown 0-0: Ball
1-0: Ground out 4-3 (Groundball, 4)
Batting: LHB Jim Unknown 0-0: Ball
1-0: Foul Ball, location: 2F
1-1: Foul Ball, location: 2F
1-2: Ball
2-2: Foul Ball, location: 2F
2-2: Ball
3-2: Base on Balls
Batting: RHB Kazunori Ito 0-0: Foul Ball, location: 2F
0-1: Fly out, F4 (Popup, 34D)
Batting: LHB Jim Unknown 0-0: Ground out 4-3 (Groundball, 4)
Bottom of the 5th over - 0 run(s), 0 hit(s), 0 error(s), 1 left on base; Pawnee 2 - Tremont 1
TOP OF THE 6TH
Pawnee ParksNRec batting - Pitching for Tremont Doubledays : LHP Jim Unknown
Batting: RHB Mark Allen 0-0: Ball
1-0: Ball
2-0: Called Strike
2-1: Fly out, F9 (Line Drive, 9M)
Batting: RHB Jim Unknown 0-0: Called Strike
0-1: DOUBLE (Flyball, 7LD)
Batting: RHB Eldon McGillivour 0-0: Intentional Walk
Batting: LHB Jim Unknown 0-0: Foul Ball, location: 2F
0-1: Foul Ball, location: 2F
0-2: Strikes out swinging
Batting: LHB Jim Unknown 0-0: Called Strike
0-1: Called Strike
0-2: Ball
1-2: Ball
2-2: Fly out, F8 (Flyball, 8LM)
Top of the 6th over - 0 run(s), 1 hit(s), 0 error(s), 2 left on base; Pawnee 2 - Tremont 1
BOTTOM OF THE 6TH
Tremont Doubledays batting - Pitching for Pawnee ParksNRec : RHP Jim Unknown
Batting: LHB Emílio Barbán 0-0: Called Strike
0-1: Foul Ball, location: 2F
0-2: SINGLE (Groundball, 5D)
Batting: LHB Félix López 0-0: Ball
1-0: Fly out, F6 (Popup, 56)
Batting: LHB Scott Britt 0-0: Ball
1-0: Called Strike
1-1: Foul Ball, location: 2F
1-2: Strikes out swinging
Batting: RHB Jim Unknown 0-0: Ball
1-0: Fly out, F8 (Line Drive, 8LM)
Bottom of the 6th over - 0 run(s), 1 hit(s), 0 error(s), 1 left on base; Pawnee 2 - Tremont 1
TOP OF THE 7TH
Pawnee ParksNRec batting - Pitching for Tremont Doubledays : LHP Jim Unknown
Batting: LHB Jim Unknown 0-0: Ball
1-0: Ball
2-0: Called Strike
2-1: Foul Ball, location: 2F
2-2: Ball
3-2: SINGLE (Line Drive, 34)
Batting: RHB Mo Zhou 0-0: Ball
1-0: Sac Bunt - play at first, batter OUT! 5-4
Jim Unknown to second
Batting: RHB Jim Unknown 0-0: Ball
1-0: Called Strike
1-1: Ball
2-1: Foul Ball, location: 2F
2-2: Ball
3-2: Foul Ball, location: 2F
3-2: Foul Ball, location: 2F
3-2: Fly out, F8 (Flyball, 78M)
Pitching: RHP Jim Unknown
Batting: RHB Brett Robinson 0-0: Called Strike
0-1: Ball
1-1: Swinging Strike
1-2: Ball
2-2: Strikes out looking
Top of the 7th over - 0 run(s), 1 hit(s), 0 error(s), 1 left on base; Pawnee 2 - Tremont 1
BOTTOM OF THE 7TH
Tremont Doubledays batting - Pitching for Pawnee ParksNRec : RHP Jim Unknown
Batting: RHB Jim Unknown 0-0: Called Strike
0-1: Foul Ball, location: 2F
0-2: Ball
1-2: Fly out, F3 (Popup, 23F)
Batting: LHB Jim Unknown 0-0: Ball
1-0: Ball
2-0: Ground out 6-3 (Groundball, 6M)
Batting: LHB Jim Unknown 0-0: Called Strike
0-1: Ball
1-1: Foul Ball, location: 2F
1-2: Ball
2-2: Strikes out swinging
Bottom of the 7th over - 0 run(s), 0 hit(s), 0 error(s), 0 left on base; Pawnee 2 - Tremont 1
TOP OF THE 8TH
Pawnee ParksNRec batting - Pitching for Tremont Doubledays : RHP Jim Unknown
Batting: RHB Mark Allen 0-0: Ball
1-0: Ground out 4-3 (Groundball, 4)
Batting: RHB Jim Unknown 0-0: Ball
1-0: Called Strike
1-1: Hit by Pitch
Batting: RHB Eldon McGillivour 0-0: Called Strike
0-1: Swinging Strike
0-2: Reached on error, E5 (Groundball, 5)
Jim Unknown to second
Batting: LHB Jim Unknown 0-0: Ball
1-0: Foul Ball, location: 2F
1-1: Ball
2-1: Foul Ball, location: 2F
2-2: Foul Ball, location: 2F
2-2: Ball
Wild Pitch!
Jim Unknown to third
Eldon McGillivour to second
3-2: 3-RUN HOME RUN (Flyball, 78XD), Distance : 426 ft
Pitching: RHP Jim Unknown
Batting: LHB Jim Unknown 0-0: Called Strike
0-1: Foul Ball, location: 2F
0-2: Foul Ball, location: 2F
0-2: Strikes out swinging
Batting: LHB Jim Unknown 0-0: Ball
1-0: Called Strike
1-1: Ball
2-1: Fly out, F9 (Line Drive, 9LM)
Top of the 8th over - 3 run(s), 1 hit(s), 1 error(s), 0 left on base; Pawnee 5 - Tremont 1
BOTTOM OF THE 8TH
Tremont Doubledays batting - Pitching for Pawnee ParksNRec : RHP Jim Unknown
Batting: RHB Kazunori Ito 0-0: Called Strike
0-1: Ball
1-1: Called Strike
1-2: SINGLE (Groundball, 4D)
Batting: LHB Jim Unknown 0-0: Ball
1-0: Ball
2-0: Called Strike
2-1: Foul Ball, location: 2F
2-2: Fly out, F4 (Popup, 4D)
Batting: LHB Emílio Barbán 0-0: Ball
1-0: Foul Ball, location: 2F
1-1: SINGLE (Groundball, 13) (infield hit)
Kazunori Ito to second
Batting: LHB Félix López 0-0: Ball
1-0: Ball
2-0: Called Strike
2-1: Ground out U3 (Groundball, 3S)
Kazunori Ito to third
Emílio Barbán to second
Batting: LHB Scott Britt 0-0: Foul Ball, location: 2F
0-1: Ball
1-1: Ground out 4-3 (Groundball, 4)
Bottom of the 8th over - 0 run(s), 2 hit(s), 0 error(s), 2 left on base; Pawnee 5 - Tremont 1
TOP OF THE 9TH
Pawnee ParksNRec batting - Pitching for Tremont Doubledays : RHP Jim Unknown
Pitching: RHP Jim Unknown
Batting: RHB Mo Zhou 0-0: Swinging Strike
0-1: Called Strike
0-2: Ball
1-2: Strikes out swinging
Batting: RHB Jim Unknown 0-0: Ball
1-0: Swinging Strike
1-1: SINGLE (Line Drive, 56D)
Batting: RHB Brett Robinson 0-0: Called Strike
0-1: Ball
1-1: Called Strike
1-2: Foul Ball, location: 2F
1-2: Strikes out swinging
Batting: RHB Mark Allen 0-0: Called Strike
0-1: Swinging Strike
0-2: Foul Ball, location: 2F
0-2: Ground out 1-3 (Groundball, 15)
Top of the 9th over - 0 run(s), 1 hit(s), 0 error(s), 1 left on base; Pawnee 5 - Tremont 1
BOTTOM OF THE 9TH
Tremont Doubledays batting - Pitching for Pawnee ParksNRec : RHP Jim Unknown
Batting: RHB Jim Unknown 0-0: Ball
1-0: Called Strike
1-1: Swinging Strike
1-2: Ball
2-2: Ball
3-2: Foul Ball, location: 2F
3-2: Ground out 6-3 (Groundball, 6)
Batting: RHB Jim Unknown 0-0: Called Strike
0-1: SINGLE (Line Drive, 8LS)
Pitching: LHP Jim Unknown
Batting: LHB Jim Unknown 0-0: Called Strike
0-1: Fly out, F7 (Flyball, 7S)
Batting: LHB Jim Unknown 0-0: Ball
1-0: Called Strike
1-1: Foul Ball, location: 2F
1-2: Foul Ball, location: 2F
1-2: Ball
Wild Pitch!
Jim Unknown to second
2-2: Strikes out looking
Bottom of the 9th over - 0 run(s), 1 hit(s), 0 error(s), 1 left on base; Pawnee 5 - Tremont 1
This league is powered by Out of the Park Baseball, the baseball management simulation game for PC, Mac and Linux
Friday, October 23rd, 2015 - OOTP Baseball 16.9 Build 39